 Dungeon Crawl Stone Soup version 0.18.1-48-g4cf74bf (webtiles) character file.

222 MistressOfTheDunes the Insei (level 5, -3/41 HPs)
             Began as a Mummy Monk on July 20, 2016.
             Slain by an orc priest
             ... wielding a +0 falchion
              (5 damage)
             ... on level 2 of the Dungeon.
             The game lasted 00:05:02 (5603 turns).

MistressOfTheDunes the Insei (Mummy Monk)           Turns: 5603, Time: 00:05:03

Health: -3/41      AC:  1    Str: 15    XL:     5   Next: 66%
Magic:  5/5        EV: 14    Int:  9    God:
Gold:   89         SH:  0    Dex: 15    Spells: 0 memorised, 4 levels left

rFire  x . .     SeeInvis .       - Unarmed
rCold  + . .     Gourm    .     (no armour)
rNeg   + + +     Faith    .     (no shield)
rPois  ∞         Spirit   .     e - +0 helmet
rElec  .         Dismiss  .     (no cloak)
rCorr  .         Reflect  .     (no gloves)
SustAt .         Harm     .     (no boots)
MR     .....                    a - amulet of rage
Stlth  ++........               b - ring of poison resistance
                                g - ring of flight

@: not resistant to hostile enchantments, unstealthy
A: no food or potions, fire vulnerability, cold resistance 1, negative energy
resistance 3, torment resistance, unbreathing
a: Evoke Flight


You were on level 2 of the Dungeon.
You were not hungry.

You visited 1 branch of the dungeon, and saw 3 of its levels.

You collected 89 gold pieces.


Innate Abilities, Weirdness & Mutations

You do not eat or drink.
Your flesh is vulnerable to fire.
You are immune to poison.
Your flesh is cold resistant.
You are immune to negative energy.
You are immune to unholy pain and torment.
You can survive without breathing.


   Skills:
 - Level 3.0 Fighting
 + Level 3.8 Dodging
 - Level 1.5 Stealth
 - Level 5.0 Unarmed Combat


You had 4 spell levels left.
You didn't know any spells.

Inventory:

Armour
 e - a +0 helmet (worn)
Jewellery
 a - an amulet of rage (around neck)
 b - a ring of poison resistance (right hand)
 g - a ring of flight (left hand)
Scrolls
 c - a scroll of amnesia {unknown}
 d - a scroll of identify {unknown}
 f - a scroll of random uselessness {unknown}
 h - a scroll of remove curse {unknown}
 i - a scroll of enchant armour {unknown}
 j - a scroll of immolation {unknown}
 k - a scroll of fear {unknown}

Dungeon Overview and Level Annotations

Branches:
Dungeon (3/15)

Altars:

▒▒..▒.▒▒▒▒▒▒▒▒▒.▒.▒▒....(....▒
▒▒..▒.......▒.....▒▒.▒▒▒▒▒.▒.▒
.▒..▒▒▒▒▒▒▒.▒.▒...▒....▒.▒.▒.▒
▒▒........▒.▒.▒...▒..▒.(.▒.▒.▒▒▒▒
▒..▒▒▒▒▒▒.▒.▒.▒...▒..▒.▒)▒.▒.▒...
.▒...▒ ▒.▒.▒.▒...▒..▒†.(....▒.▒▒
▒▒...▒▒▒▒.▒.▒.▒...▒).▒.▒.▒.▒▒▒.▒
▒▒........▒.▒...)..▒.▒.▒.▒.▒.▒.▒
...............oM..▒▒▒.▒.▒...▒.▒
.....▒▒▒▒.▒......÷.....▒.▒▒▒.▒.▒
.....▒ ▒▒.▒▒▒.▒▒.▒▒▒▒▒▒▒.......▒
▒▒▒▒▒▒ ▒...▒▒.▒▒.▒▒........▒.▒▒▒
▒▒▒...▒▒.....▒..........▒
▒......▒▒▒▒..▒▒▒▒▒▒▒▒▒▒.▒▒▒▒
▒▒▒....▒ ▒............<....
▒......▒▒▒▒.▒▒▒▒▒▒▒▒▒▒▒▒▒▒▒▒
▒▒▒▒▒▒.▒▒....................▒


You could see an orc priest.


Message History

You squash the orc priest but do no damage!
The orc priest barely misses you!
You barely miss the orc priest! You barely miss the orc priest!
The orc priest closely misses you!
You closely miss the orc priest! The orc priest completely misses you!
You barely miss the orc priest!
The orc priest hits you with a falchion!!!
You squash the orc priest but do no damage!
The orc priest mumbles some strange prayers to Beogh against you!
Beogh smites you!!! * * * don't die
* * * You pummel the orc priest like a punching bag!
The orc priest is lightly wounded!
The orc priest completely misses you!
You pulverise the orc priest!
The orc priest is moderately wounded!
You pummel the orc priest but do no damage!
The orc priest is moderately wounded!
The orc priest barely misses you!
You barely miss the orc priest!
The orc priest is moderately wounded!
The orc priest completely misses you!
You squash the orc priest like an ant!
The orc priest is moderately wounded!
The orc priest hits you with a falchion!!! * * * don't die
* * * You closely miss the orc priest!
The orc priest is moderately wounded!
The orc priest hits you with a falchion! rip

Action                   |  1- 3 |  4- 6 || total
-------------------------+-------+-------++-------
Melee: Unarmed           |   170 |   246 ||   416
       Punch             |     2 |     4 ||     6
 Stab: Sleeping          |     2 |     3 ||     5
       Distracted        |     1 |     1 ||     2
Armor: Skin              |     6 |    11 ||    17
Dodge: Dodged            |   131 |   129 ||   260

Vault maps used:
D:1:      lightli_arrival_statue_moat, minivault_11
D:2:      minivault_5, guppyfry_early_orc_mine
D:3:      overflow_temple_1_default

Notes
Turn   | Place    | Note
--------------------------------------------------------------
     0 | D:1      | MistressOfTheDunes the Mummy Monk began the quest for the Orb.
     0 | D:1      | Reached XP level 1. HP: 18/18 MP: 1/1
   366 | D:1      | Reached XP level 2. HP: 22/24 MP: 2/2
   637 | D:1      | Reached skill level 4 in Unarmed Combat
  1082 | D:1      | Reached XP level 3. HP: 13/29 MP: 3/3
  2472 | D:2      | Reached XP level 4. HP: 27/35 MP: 4/4
  2509 | D:2      | You fall through a shaft!
  2673 | D:3      | Reached skill level 5 in Unarmed Combat
  3918 | D:2      | Reached XP level 5. HP: 34/41 MP: 5/5
  3986 | D:2      | Reached skill level 3 in Dodging
  5602 | D:2      | HP: 2/41 [orc priest/falchion (7)]
  5603 | D:2      | Slain by an orc priest

Vanquished Creatures
  An orc wizard (D:2)
  7 adders
  3 worms (D:2)
  4 dart slugs
  4 giant geckos
  11 orcs
  10 bats
  4 giant cockroaches
  15 goblins
  8 hobgoblins
  9 jackals (D:1)
  5 kobolds
  A quokka (D:3)
  A ball python (D:1)
  2 giant newts (D:2)
  6 rats
91 creatures vanquished.
